 Dungeon Crawl Stone Soup version 0.32-a0-960-g3814254bd7 (webtiles) character file.

Game seed: 13246718374449557311

305656 Armakuni the Ex Machina (level 21, -13/153 HPs)
             Began as a Human Artificer on Apr 11, 2024.
             Was an Initiate of Gozag.
             Mangled by a deep troll (21 damage)
             ... led by an ironbound preserver
             ... on level 1 of the Vaults on Apr 17, 2024.
             The game lasted 02:31:58 (38152 turns).

Armakuni the Ex Machina (Human Artificer)          Turns: 38152, Time: 02:31:59

Health: -13/153    AC: 24    Str: 31    XL:     21   Next: 14%
Magic:  21/21      EV: 16    Int: 18    God:    Gozag
Gold:   2072       SH:  9    Dex: 20    Spells: 11/20 levels left

rFire   + + .        a - +9 demon trident (heavy)
rCold   + . .        G - +3 buckler of Icwoara {Fly Regen+}
rNeg    + + .        E - +9 pearl dragon scales "Tophyekol" {rN+ Regen+ Slay+2}
rPois   .            k - +2 helmet {SInv}
rElec   +            W - scarf {rC+ rF+}
rCorr   .            N - +1 pair of gloves of the Endless Expanse {Regen+ Str+6}
SInv    +            t - +2 pair of boots
Will    +....        A - amulet of Fuib Oxt {Acrobat +Inv rElec Str+2} Stlth
                     X - ring "Tilof" {rF+ Str+6 Int+2 SInv}
HPRegen 2.85/turn    Z - ring "Site" {rElec rN+ Dex+4 Slay+6}
MPRegen 0.17/turn

%: acrobat
@: lethally poisoned (-13 -> -13), corroded, gold aura, flying
A: explore regen
}: 2/15 runes: barnacled, gossamer
a: Renounce Religion, Evoke Invisibility, Potion Petition, Call Merchant, Bribe
Branch


You were on level 1 of the Vaults.
You worshipped Gozag.
Gozag was most pleased with you.
You visited 8 branches of the dungeon, and saw 35 of its levels.
You visited 2 bazaars.
You also visited: Bailey and Ice Cave.

You collected 18166 gold pieces.
You spent 5752 gold pieces at shops.
You paid 10342 gold pieces to Gozag.

Inventory:

Hand Weapons
 a - a +9 heavy demon trident (weapon)
Armour
 k - a +2 helmet of see invisible (worn)
 t - a +2 pair of boots (worn)
 E - the +9 pearl dragon scales "Tophyekol" (worn) {rN+ Regen+ Slay+2}
   (You bought it in a shop on level 6 of the Dungeon)

   Slay+2:    It affects your accuracy & damage with ranged weapons and melee
   (+2).
   rN+:       It protects you from negative energy.
   Regen+:    It increases your rate of health regeneration.
 G - the +3 buckler of Icwoara (worn) {Fly Regen+}
   (You bought it in a shop on level 1 of the Lair of Beasts)

   Fly:       It grants you flight.
   Regen+:    It increases your rate of health regeneration.
 N - the +1 pair of gloves of the Endless Expanse (worn) {Regen+ Str+6}
   (You found it on level 3 of the Elven Halls)

   Str+6:     It affects your strength (+6).
   Regen+:    It increases your rate of health regeneration.
 W - a scarf of resistance (worn)
Magical Staves
 b - a staff of conjuration
Jewellery
 d - a ring of positive energy
 A - the amulet of Fuib Oxt (around neck) {Acrobat +Inv rElec Str+2}
   (You found it on level 2 of the Lair of Beasts)

   [amulet of the acrobat]

   Acrobat:   It increases your evasion while moving and waiting.
   Str+2:     It affects your strength (+2).
   rElec:     It insulates you from electricity.
   +Inv:      It lets you turn invisible.
 X - the ring "Tilof" (left hand) {rF+ Str+6 Int+2 SInv}
   (You took it off a deep elf pyromancer on level 3 of the Elven Halls)

   [ring of strength]

   Str+6:     It affects your strength (+6).
   Int+2:     It affects your intelligence (+2).
   rF+:       It protects you from fire.
   SInv:      It lets you see invisible.
 Z - the ring "Site" (right hand) {rElec rN+ Dex+4 Slay+6}
   (You bought it in a shop on level 1 of the Lair of Beasts)

   [ring of positive energy]

   Dex+4:     It affects your dexterity (+4).
   Slay+6:    It affects your accuracy & damage with ranged weapons and melee
   (+6).
   rElec:     It insulates you from electricity.
   rN+:       It protects you from negative energy.
Talismans
 P - a talisman of death
Wands
 p - a wand of polymorph (17)
 r - a wand of roots (15)
 s - a wand of quicksilver (4)
 v - a wand of flame (42)
 L - a wand of digging (5)
 S - a wand of mindburst (6)
 V - a wand of paralysis (4)
Scrolls
 e - a scroll of amnesia
 g - a scroll of enchant armour
 h - a scroll of noise
 u - 6 scrolls of vulnerability
 w - 5 scrolls of fear
 y - 2 scrolls of butterflies
 B - 5 scrolls of revelation
 C - 2 scrolls of enchant weapon
 F - 6 scrolls of poison
 M - 2 scrolls of brand weapon
 O - 7 scrolls of teleportation
 Q - 8 scrolls of fog
 T - 2 scrolls of blinking
 U - 2 scrolls of silence
 Y - a scroll of immolation
Potions
 i - a potion of might
 j - 10 potions of mutation
 n - 5 potions of heal wounds
 o - 8 potions of haste
 q - 5 potions of ambrosia
 x - 6 potions of enlightenment
 z - 2 potions of resistance
 D - 2 potions of lignification
 H - a potion of berserk rage
 I - 6 potions of magic
 J - 3 potions of invisibility
 K - 13 potions of curing
 R - 3 potions of cancellation
Miscellaneous
 c - a condenser vane (inert)
 f - a phial of floods (inert)
 l - a lightning rod (3/4)
 m - a phantom mirror (inert)


   Skills:
 - Level 10.0 Fighting
 - Level 4.0(8.5) Maces & Flails
 - Level 11.7(12.0) Staves
 - Level 10.0 Armour
 - Level 10.0 Dodging
 - Level 1.0 Stealth
 - Level 7.0 Shields
 + Level 14.4 Conjurations
 O Level 27 Evocations


You had 11 spell levels left.
You knew the following spells:

 Your Spells              Type           Power      Damage    Failure   Level
a - Blink                 Tloc           0%         N/A       58%         2
b - Lesser Beckoning      Tloc           0%         N/A       58%         2
j - Freezing Cloud        Conj/Ice/Air   8%         6-21      89%         5

Your spell library contained the following spells:

 Spells                   Type           Power      Damage    Failure   Level
 Momentum Strike          Conj/Tloc      52%        3d9       4%          2
 Hailstorm                Conj/Ice       26%        3d7       8%          3
 Mephitic Cloud           Conj/Alch/Air  17%        N/A       22%         3
 Necrotise                Necr           0%         1d4       45%         1
 Slow                     Hex            0%         N/A       45%         1
 Cigotuvi's Dreadful Rot  Necr/Alch/Air  0%         N/A       58%         2
 Mercury Vapours          Alch/Air       0%         N/A       58%         2
 Arcjolt                  Conj/Air       13%        1d23      58%         5
 Confusing Touch          Hex            0%         N/A       83%         3
 Frozen Ramparts          Ice            0%         1d1       83%         3
 Ozocubu's Armour         Ice            0%         N/A       83%         3
 Sigil of Binding         Hex            0%         N/A       83%         3
 Vampiric Draining        Necr           0%         2d6       83%         3
 Animate Armour           Summ/Erth      0%         N/A       99%         4
 Cause Fear               Hex            0%         N/A       99%         4
 Ignite Poison            Fire/Alch      0%         N/A       99%         4
 Leda's Liquefaction      Alch/Erth      0%         N/A       99%         4
 Martyr's Knell           Necr/Summ      0%         N/A       99%         4
 Olgreb's Toxic Radiance  Alch           0%         N/A       99%         4
 Passage of Golubria      Tloc           0%         N/A       99%         4
 Summon Lightning Spire   Summ/Air       0%         N/A       99%         4
 Vhi's Electric Charge    Tloc/Air       0%         N/A       99%         4
 Conjure Ball Lightning   Conj/Air       13%        3x3d6     99%         6
 Alistair's Intoxication  Alch           0%         N/A       100%        5
 Borgnjor's Vile Clutch   Necr/Erth      0%         N/A       100%        5
 Curse of Agony           Necr           0%         N/A       100%        5
 Lee's Rapid Deconstruct  Erth           0%         3d4*      100%        5
 Metabolic Englaciation   Hex/Ice        0%         N/A       100%        5
 Death Channel            Necr           0%         N/A       100%        6
 Eringya's Noxious Bog    Alch           0%         4d6       100%        6
 Permafrost Eruption      Ice/Erth       0%         2x4d1     100%        6
 Plasma Beam              Fire/Air       0%         2x1d10    100%        6
 Sculpt Simulacrum        Ice/Alch       0%         N/A       100%        6
 Haunt                    Necr/Summ      0%         N/A       100%        7
 Malign Gateway           Summ/Tloc      0%         N/A       100%        7
 Ozocubu's Refrigeration  Ice            0%         4d7       100%        7
 Discord                  Hex            0%         N/A       100%        8
 Infestation              Necr           0%         N/A       100%        8
 Polar Vortex             Ice            0%         N/A       100%        9
 Animate Dead             Necr           Unusable   N/A       N/A         4

Dungeon Overview and Level Annotations

Branches:
Dungeon (15/15)            Temple (1/1) D:5            Lair (5/5) D:10
 Shoals (4/4) Lair:3       Spider (4/4) Lair:2        Slime (0/5) Lair:5
    Orc (2/2) D:12            Elf (3/3) Orc:2        Vaults (1/5) D:13
 Depths (0/4) D:15         Bailey (visited)           IceCv (visited)

Altars:
Ashenzari
Cheibriados
Dithmenos
Elyvilon
Fedhas
Gozag
Hepliaklqana
Kikubaaqudgha
Makhleb
Nemelex Xobeh
Okawaru
Qazlal
Ru
Sif Muna
Trog
Uskayaw
Vehumet
Wu Jian
Xom
Yredelemnul
Zin
The Shining One
Beogh
Jiyva

Shops:
D:6 [   D:11 !   D:12 (   Orc:1 *   Orc:2 [[!(   Elf:2 ?   Elf:3 =*!
Lair:1 ([=[   Shoals:1 *   Shoals:2 (

Portals:
Trove: Elf:3 (give 4 potions of resistance)

Annotations:
D:3 2 transporters
D:10 1 runed translucent door, inmateoo's ghost, journeyman CoGl
Lair:2 exclusion: 3 oklob plants
Lair:4 3 runed translucent doors, Ofekhlai's ghost, journeyman AtFi
Lair:5 3 runed translucent doors, miroman's ghost, journeyman MiFi
Shoals:3 exclusion: 2 downstairs
Elf:2 3 runed translucent doors


Innate Abilities, Weirdness & Mutations

You regain HP and MP as you explore.


Message History

The ironbound convoker is distracted by your dazzling golden aura.
The deep troll bites you but does no damage.
The deep troll closely misses you. x2
You closely miss the arcanist.
The arcanist is severely wounded.
The ironbound convoker is no longer distracted by gold.
The arcanist hits you but does no damage.
You are poisoned.
You block the deep troll's attack. The deep troll misses you.
You block the deep troll's attack. The deep troll bites you!!
The deep troll claws you! x2
The entropy weaver casts a spell at you.
The entropic weave corrodes you!
The arcanist hits you with a +1 dagger of venom.
You are more poisoned.
The ironbound convoker hits you with a +0 great mace!
The deep troll misses you. The deep troll claws you!
* * * LOW HITPOINT WARNING * * *
The deep troll claws you but does no damage.
The ironbound convoker barely misses you.
The deep troll bites you!
* * * LOW HITPOINT WARNING * * *
The deep troll barely misses you.
The deep troll claws you but does no damage.
You barely miss the arcanist.
The arcanist is severely wounded.
You feel very sick.
The ironbound convoker gestures at the deep troll while chanting.
The deep troll seems to grow stronger.
The arcanist barely misses you.
The ironbound convoker casts a spell at the ironbound convoker.
The ironbound convoker seems to grow stronger.
The deep troll bites you but does no damage.
The deep troll claws you.
* * * LOW HITPOINT WARNING * * *
You block the deep troll's attack.
The ironbound convoker hits you with a +0 morningstar!
* * * LOW HITPOINT WARNING * * *
The deep troll bites you!!
You die...
Your body crumbles into a pile of gold.

#.....#.........#
#.....'.........#
#.....######'######
#.....# #......#
#.....# #......#
#.....# #......# #
#.....# #......###
#..p..# #......#..
#..p@p# #......#..


#.gTpT# #...)..#.. #...pB# #......'.. #.....# #......#.. #.....# ##########
#.....# # #.....# #.....# You could see an entropy weaver, 2 deep trolls, 4
ironbound convokers, an arcanist (strong) and a boggart (invisible).

Vanquished Creatures
  Mara (Elf:3)
  Boris (Vaults:1)
  2 deep elf blademasters (Elf:3)
  4 krakens (Shoals:2)
  2 deep elf master archers (Elf:3)
  Gastronok (D:9)
  Frances (D:13)
  Agnes (Elf:1)
  A storm dragon (Shoals:4)
  Kirke (D:13)
  A rockslime (IceCv)
  3 azure jellies (IceCv)
  A frost giant (D:13)
  9 emperor scorpions
  A vault warden (D:13)
  Louise (Spider:4)
  5 ghost moths
  6 deep elf elementalists (Elf:3)
  7 deep elf sorcerers (Elf:3)
  2 broodmothers
  4 quicksilver oozes (IceCv)
  An ironbound thunderhulk (Vaults:1)
  Nessos (Lair:5)
  A formless jellyfish (Shoals:1)
  7 deep elf death magi (Elf:3)
  7 deep elf demonologists
  7 deep elf annihilators (Elf:3)
  Azrael (D:14)
  A spark wasp (Spider:2)
  Josephine (D:10)
  10 merfolk impalers
  3 merfolk javelineers
  An ettin (Vaults:1)
  3 entropy weavers
  An entropy weaver (shapeshifter) (D:14)
  4 deep elf high priests (Elf:3)
  2 vault guards (D:13)
  2 ironbound frosthearts
  A jorogumo (Spider:4)
  3 hydras
  A radroach (Spider:4)
  11 merfolk aquamancers
  22 dancing weapons
  5 merfolk avatars
  2 alligator snapping turtles
  6 centaur warriors
  2 two-headed ogres (D:11)
  8 boulder beetles
  A satyr (Shoals:1)
  10 death yaks
  6 orc high priests
  A deep troll earth mage (D:15)
  15 demonic crawlers
  3 tengu warriors
  Sonja (D:10)
  An occultist (D:15)
  4 deep elf knights
  7 skysharks
  2 sun demons (Shoals:1)
  5 pharaoh ants
  6 deep elf archers
  A sun moth (Spider:3)
  A death drake (shapeshifter) (Elf:1)
  13 sea snakes
  Lodul (D:13)
  2 spriggan druids (Elf:1)
  10 orb spiders
  6 lindwurms
  2 phantasmal warriors (D:13)
  A sun moth (shapeshifter) (Elf:1)
  12 orc knights
  2 orange crystal statues (IceCv)
  17 harpies
  An ironbound convoker (Vaults:1)
  An obsidian bat (Orc:2)
  Pikel (D:6)
  3 thermic dynamos (Elf:3)
  12 steelbarb worms
  23 deep elf zephyrmancers
  25 wolf spiders
  23 ugly things
  8 manticores
  A cyclops (shapeshifter) (Elf:1)
  18 deep elf pyromancers
  13 fauns
  15 elephants
  4 cyclopes
  Maurice (D:12)
  7 merfolk sirens
  2 moths of wrath
  8 black mambas
  7 kobold blastminers
  12 water nymphs
  A black mamba (shapeshifter) (Elf:1)
  A vault sentinel (Vaults:1)
  4 rime drakes
  13 torpor snails
  A gargoyle (D:12)
  14 cane toads
  6 yaktaurs
  Jeremiah (D:7)
  3 unseen horrors
  3 kobold demonologists (D:12)
  An efreet (D:15)
  A freezing wraith (D:15)
  7 komodo dragons
  Maggie (D:10)
  3 tengu conjurers
  9 trolls
  2 polar bears
  29 merfolk
  9 wind drakes
  4 hornets
  22 tarantellas
  3 blink frogs
  19 jumping spiders
  Prince Ribbit (D:6)
  7 snapping turtles
  6 dream sheep
  22 slime creatures
  26 culicivoras
  9 air elementals
  Sigmund (D:5)
  2 shadows (D:11)
  19 wyverns
  2 humans (D:13)
  54 yaks
  39 water elementals
  2 hogs (D:13)
  2 basilisks
  9 fire elementals
  3 wraiths (D:10)
  3 wargs
  52 redbacks
  2 vampire mosquitoes (D:14)
  6 great orb of eyes simulacra (IceCv)
  2 hell hounds
  25 water moccasins
  2 sky beasts (D:6)
  4 acid dragons
  Pargi (D:4)
  51 orc warriors
  2 ice beasts (D:7)
  2 black bears
  24 wolves
  18 ogres
  13 centaurs
  A phantom (D:5)
  A lemure (D:6)
  7 slime creature simulacra (IceCv)
  5 kobold brigands
  A gnoll sergeant (D:13)
  11 bullfrogs
  4 earth elementals
  A glowing shapeshifter simulacrum (IceCv)
  9 scorpions
  8 wights
  4 killer bees (D:10)
  8 electric eels
  2 bombardier beetles
  2 howler monkeys
  3 hounds
  12 jellies
  A gnoll bouda (D:7)
  30 orc priests
  A sleepcap (D:6)
  4 iguanas
  Natasha (D:2)
  24 orc wizards
  11 hell rats
  11 gnolls
  6 adders
  3 shadow imps (D:6)
  3 white imps
  8 ribbon worms
  4 dart slugs
  88 orcs
  6 ball pythons
  7 endoplasms
  4 giant cockroaches
  10 hobgoblins
  A quokka (D:2)
  4 bats
  5 frilled lizards
  11 goblins
  23 kobolds
  7 rats
  A butterfly (Lair:2)
  3 tentacles (Shoals:2)
1408 creatures vanquished.

Vanquished Creatures (collateral kills)
  A wolf spider (Spider:4)
  A troll (D:12)
  A slime creature (D:12)
  A vampire mosquito (D:12)
  A black bear (D:5)
  A gnoll sergeant (D:10)
  2 wights (D:7)
  A white imp (D:7)
  6 orcs
15 creatures vanquished.

Vanquished Creatures (others)
  A deep elf death mage (Elf:3)
  A deep elf knight (Elf:1)
  A deep elf zephyrmancer (Elf:3)
  A deep elf pyromancer (Elf:1)
  A yaktaur (Vaults:1)
  A troll (D:10)
  A water elemental (Shoals:4)
  A human (D:13)
  A vampire mosquito (D:12)
  2 water moccasins
  An orc priest (D:9)
  An orc (D:5)
  31 tentacles (Shoals:2)
44 creatures vanquished.

Grand Total: 1467 creatures vanquished

Notes
Turn   | Place    | Note
-------+----------+-------------------------------------------
     0 | D:1      | Armakuni the Human Artificer began the quest for the Orb.
     0 | D:1      | Reached XP level 1. HP: 15/15 MP: 1/1
    31 | D:1      | Reached skill level 1 in Maces & Flails
   109 | D:1      | Reached XP level 2. HP: 13/21 MP: 2/2
   270 | D:1      | Reached XP level 3. HP: 10/27 MP: 3/3
   880 | D:2      | Reached skill level 4 in Evocations
   990 | D:2      | Reached XP level 4. HP: 20/33 MP: 4/4
  1498 | D:3      | Noticed Natasha
  1501 | D:2      | Killed Natasha
  1563 | D:3      | Found a transporter.
  1691 | D:3      | Reached skill level 5 in Evocations
  1691 | D:3      | Reached XP level 5. HP: 14/38 MP: 5/5
  1795 | D:3      | Found a transporter.
  1849 | D:3      | Found an ancient bone altar of Kikubaaqudgha.
  1914 | D:3      | You fall into a shaft and drop 1 floor!
  2277 | D:3      | Found a shimmering blue altar of Sif Muna.
  2508 | D:4      | Noticed Pargi
  2534 | D:4      | Killed Pargi
  2535 | D:4      | Reached skill level 6 in Evocations
  2535 | D:4      | Reached XP level 6. HP: 44/44 MP: 6/6
  2785 | D:4      | Found an opulent altar of Gozag.
  2803 | D:4      | Became a worshipper of Gozag Ym Sagoz the Greedy
  2810 | D:4      | Reached skill level 7 in Evocations
  2841 | D:4      | Found a shadowy altar of Dithmenos.
  2865 | D:4      | Reached XP level 7. HP: 35/50 MP: 7/7
  3148 | D:4      | Found a snail-covered altar of Cheibriados.
  3289 | D:5      | Entered Level 5 of the Dungeon
  3378 | D:5      | Reached skill level 8 in Evocations
  3467 | D:5      | Noticed Sigmund
  3470 | D:5      | Killed Sigmund
  3482 | D:5      | Reached skill level 9 in Evocations
  3482 | D:5      | Reached XP level 8. HP: 43/56 MP: 8/8
  3753 | D:5      | Found a staircase to the Ecumenical Temple.
  3760 | Temple   | Entered the Ecumenical Temple
  4417 | D:6      | Reached skill level 10 in Evocations
  4624 | D:6      | Found an ornate altar of the Wu Jian Council.
  4929 | D:6      | Noticed Prince Ribbit
  4931 | D:6      | Found a white marble altar of Elyvilon.
  4935 | D:6      | Killed Prince Ribbit
  5014 | D:6      | Noticed Pikel
  5019 | D:6      | Killed Pikel
  5020 | D:6      | Reached skill level 5 in Fighting
  5020 | D:6      | Reached XP level 9. HP: 68/68 MP: 9/9
  5093 | D:6      | Reached skill level 5 in Armour
  5102 | D:6      | Found Quydgh's Antique Armour Shoppe.
  5107 | D:6      | Bought an embroidered cloak for 187 gold pieces
  5134 | D:6      | Bought a jewelled robe for 142 gold pieces
  5134 | D:6      | Identified the +1 robe "Dunet" {Will- Str+2 Int+5 SInv}
                  | (You bought it in a shop on level 6 of the Dungeon)
  5305 | D:6      | Found a hide-covered altar of Uskayaw.
  5832 | D:7      | Noticed a hornet
  5837 | D:7      | Killed a hornet
  5854 | D:7      | Noticed Jeremiah
  5877 | D:7      | Killed Jeremiah
  6138 | D:7      | Reached skill level 5 in Staves
  6138 | D:7      | Reached XP level 10. HP: 74/74 MP: 10/10
  6863 | D:8      | Found a flagged portal.
  6872 | Bailey   | Entered a bailey
  7210 | Bailey   | Reached skill level 10 in Staves
  7210 | Bailey   | Reached skill level 5 in Conjurations
  7210 | Bailey   | Reached XP level 11. HP: 79/79 MP: 11/11
  7215 | Bailey   | Noticed an orc knight
  7224 | Bailey   | Killed an orc knight
  7684 | D:8      | Found the +5 Lochaber axe {reach-cleave, Poleaxe ^Drain}
  8237 | D:9      | Noticed Gastronok
  8300 | D:9      | Killed Gastronok
  8306 | D:9      | Found a basalt altar of Yredelemnul.
  8453 | D:9      | Learned a level 2 spell: Blink
  8456 | D:9      | Learned a level 2 spell: Lesser Beckoning
  8463 | D:9      | Learned a level 5 spell: Freezing Cloud
  8829 | D:9      | Noticed an orc knight
  8829 | D:9      | Noticed an orc knight
  8856 | D:9      | Reached XP level 12. HP: 84/86 MP: 12/12
  8999 | D:9      | Found a roughly hewn altar of Beogh.
  9006 | D:9      | Identified the ring "Safoi" {Str+4 Dex+6}
  9447 | D:10     | Entered Level 10 of the Dungeon
  9647 | D:10     | Found a sparkling altar of Nemelex Xobeh.
  9647 | D:10     | Noticed Maggie
  9654 | D:10     | Reached skill level 10 in Armour
  9669 | D:10     | Killed Maggie
  9817 | D:10     | Found a sacrificial altar of Ru.
  9892 | D:10     | Found a staircase to the Lair.
  9938 | D:10     | Noticed Josephine
  9972 | D:10     | Killed Josephine
  9973 | D:10     | Reached skill level 5 in Dodging
 10264 | D:10     | Noticed Sonja
 10275 | D:10     | Killed Sonja
 10314 | D:10     | Found a glowing silver altar of Zin.
 10316 | D:10     | Found a runed translucent door.
 10519 | D:10     | Noticed inmateoo's ghost (journeyman CoGl)
 10559 | D:11     | Noticed a two-headed ogre
 10570 | D:11     | Killed a two-headed ogre
 10836 | D:11     | Noticed a two-headed ogre
 10845 | D:11     | Killed a two-headed ogre
 11156 | D:11     | Found Zudun's Distillery.
 11159 | D:11     | Bought a potion of curing for 42 gold pieces
 11159 | D:11     | Bought a potion of attraction for 42 gold pieces
 11305 | D:12     | Reached XP level 13. HP: 91/91 MP: 13/13
 11308 | D:12     | Found Ameidi's Antique Weapon Boutique.
 11355 | D:12     | Noticed Maurice
 11369 | D:12     | Killed Maurice
 11375 | D:12     | Reached skill level 10 in Conjurations
 11555 | D:12     | Found a sacrificial altar of Ru.
 11892 | D:12     | Found a staircase to the Orcish Mines.
 11910 | Orc:1    | Entered Level 1 of the Orcish Mines
 12573 | Orc:1    | Found Axeyh's General Store.
 12824 | D:6      | Bought smoking pearl dragon scales for 2587 gold pieces
 12824 | D:6      | Identified the +9 pearl dragon scales "Tophyekol" {rN+
                  | Regen+ Slay+2} (You bought it in a shop on level 6 of the
                  | Dungeon)
 13001 | Orc:2    | Entered Level 2 of the Orcish Mines
 13056 | Orc:2    | Found a staircase to the Elven Halls.
 13058 | Orc:2    | Found a roughly hewn altar of Beogh.
 13107 | Orc:2    | Found a flickering gateway to a bazaar.
 13283 | Bazaar   | Entered a bazaar
 13285 | Bazaar   | Found Buczumal's Armour Boutique.
 13289 | Bazaar   | Found Jofiadit's Jewellery Boutique.
 13289 | Bazaar   | Found Keinenwo's Distillery.
 13290 | Bazaar   | Found Xolerape's Antique Armour Boutique.
 13319 | Bazaar   | Bought a pair of translucent gloves for 313 gold pieces
 13319 | Bazaar   | Identified the +4 pair of gloves of the Sky {-Cast +Blink
                  | rPois rN++ Stlth+} (You bought it in a shop in a bazaar)
 13339 | Bazaar   | Bought a potion of curing for 39 gold pieces
 13859 | Orc:2    | Found a roughly hewn altar of Beogh.
 14092 | Orc:1    | Reached skill level 11 in Evocations
 14639 | Orc:2    | Reached XP level 14. HP: 98/98 MP: 14/14
 14872 | Orc:1    | Reached skill level 12 in Evocations
 14917 | Orc:2    | Found Uselegro's Antique Armour Boutique.
 14917 | Orc:2    | Found Taunarha's Weapon Boutique.
 14918 | Orc:2    | Found Esaennent's Antique Armour Shop.
 14918 | Orc:2    | Found Oneddis's Distillery.
 14932 | Orc:2    | Bought a shiny helmet for 187 gold pieces
 14960 | Orc:2    | Bought a runed hat for 175 gold pieces
 14963 | Orc:2    | Bought a potion of might for 64 gold pieces
 14963 | Orc:2    | Bought a potion of might for 64 gold pieces
 14963 | Orc:2    | Bought a potion of cancellation for 128 gold pieces
 15120 | Lair:1   | Entered Level 1 of the Lair of Beasts
 16262 | Lair:2   | Found a hole to the Spider Nest.
 16634 | Lair:2   | Identified the amulet of Fuib Oxt {Acrobat +Inv rElec
                  | Str+2}
 17096 | Lair:3   | Found a staircase to the Shoals.
 17200 | Lair:3   | Reached skill level 13 in Evocations
 17213 | Lair:3   | Reached skill level 10 in Dodging
 17369 | Lair:3   | Identified 2 scrolls of acquirement
 17370 | Lair:3   | Acquired 886 gold pieces
 17372 | Lair:3   | Acquired 831 gold pieces
 17437 | Lair:1   | Bought the +3 buckler of Icwoara {Fly Regen+} for 400 gold
                  | pieces
 17580 | Lair:3   | Reached skill level 1 in Shields
 18198 | Lair:4   | Found a runed translucent gate.
 18199 | Lair:4   | Found a runed translucent gate.
 18200 | Lair:4   | Found a runed translucent gate.
 18201 | Lair:4   | Noticed Ofekhlai's ghost (journeyman AtFi)
 18362 | Lair:4   | Reached skill level 5 in Shields
 18967 | Lair:5   | Entered Level 5 of the Lair of Beasts
 19016 | Lair:5   | Reached XP level 15. HP: 101/103 MP: 15/15
 19262 | Lair:5   | Found a viscous altar of Jiyva.
 19277 | Lair:5   | Found a staircase to the Slime Pits.
 19321 | Lair:5   | Noticed Nessos
 19379 | Lair:5   | Killed Nessos
 19879 | Lair:5   | Reached skill level 10 in Fighting
 20273 | Lair:5   | Found a runed translucent gate.
 20273 | Lair:5   | Found a runed translucent gate.
 20273 | Lair:5   | Found a runed translucent gate.
 20274 | Lair:5   | Noticed an acid blob
 20274 | Lair:5   | Noticed an acid blob
 20275 | Lair:5   | Noticed an azure jelly
 20275 | Lair:5   | Noticed miroman's ghost (journeyman MiFi)
 20277 | Lair:5   | Noticed an azure jelly
 20277 | Lair:5   | Noticed an acid blob
 20277 | Lair:5   | Noticed an acid blob
 20402 | Lair:5   | Found a viscous altar of Jiyva.
 20819 | D:13     | Reached skill level 14 in Evocations
 20957 | D:13     | Noticed Frances
 20974 | D:13     | Killed Frances
 21285 | D:13     | Noticed Lodul
 21313 | D:13     | Reached XP level 16. HP: 108/122 MP: 16/16
 21319 | D:13     | Killed Lodul
 21350 | D:13     | Noticed Kirke
 21373 | D:13     | Killed Kirke
 21374 | D:13     | Reached skill level 15 in Evocations
 21548 | D:13     | Found a gate to the Vaults.
 22140 | D:14     | Reached skill level 16 in Evocations
 22239 | D:14     | Found a blossoming altar of Fedhas.
 22432 | D:15     | Entered Level 15 of the Dungeon
 22487 | D:15     | Noticed Azrael
 22512 | D:14     | Killed Azrael
 22957 | D:15     | Found a stormy altar of Qazlal.
 23205 | D:15     | Reached skill level 17 in Evocations
 23245 | D:15     | Found a staircase to the Depths.
 23636 | Lair:1   | Bought the ring "Site" {rElec rN+ Dex+4 Slay+6} for 946
                  | gold pieces
 23721 | Shoals:1 | Entered Level 1 of the Shoals
 24033 | Shoals:1 | Reached skill level 18 in Evocations
 24158 | Shoals:1 | Found Gusuoz's General Store.
 24175 | Shoals:1 | Bought a potion of heal wounds for 70 gold pieces
 24175 | Shoals:1 | Bought a potion of magic for 112 gold pieces
 24245 | Shoals:1 | Reached XP level 17. HP: 82/128 MP: 17/17
 24891 | Shoals:2 | Found Udah's Weapon Shop.
 24928 | Shoals:2 | Reached skill level 19 in Evocations
 25385 | Shoals:2 | Upgraded the game from 0.32-a0-921-g04a7ad8e02 to
                  | 0.32-a0-931-g5a2cda0630
 25569 | Shoals:2 | Noticed a kraken
 25569 | Shoals:2 | Noticed a kraken
 25594 | Shoals:2 | Killed a kraken
 25607 | Shoals:2 | Killed a kraken
 25718 | Shoals:2 | Noticed a kraken
 25759 | Shoals:2 | Killed a kraken
 25772 | Shoals:2 | Noticed a kraken
 25826 | Shoals:2 | Killed a kraken
 25970 | Shoals:3 | Upgraded the game from 0.32-a0-931-g5a2cda0630 to
                  | 0.32-a0-933-ga8fa3634e4
 26289 | Shoals:3 | Reached skill level 20 in Evocations
 26678 | Shoals:4 | Entered Level 4 of the Shoals
 26678 | Shoals:4 | Found a glowing golden altar of the Shining One.
 26726 | Shoals:4 | Found a stormy altar of Qazlal.
 27140 | Shoals:4 | Paralysed by an air elemental for 1 turns
 27164 | Shoals:4 | Paralysed by an air elemental for 1 turns
 27175 | Shoals:4 | Paralysed by an air elemental for 1 turns
 27189 | Shoals:4 | Paralysed by an air elemental for 1 turns
 27269 | Shoals:4 | Reached skill level 21 in Evocations
 27355 | Shoals:4 | Reached XP level 18. HP: 134/134 MP: 18/18
 27594 | Shoals:4 | Identified the ring of the Special Xeniums {rElec rCorr
                  | MP+9 Slay+3}
 27635 | Shoals:4 | Paralysed by an air elemental for 1 turns
 27738 | Shoals:4 | Got a barnacled rune of Zot
 27742 | Shoals:4 | Got the Compilation of Tempestuous Spectres
 27745 | Shoals:4 | Identified the staff "Beetleslayer" {^Fragile rC+ rCorr
                  | Str+3 Tloc Ice}
 28296 | Spider:1 | Entered Level 1 of the Spider Nest
 28325 | Lair:2   | Reached skill level 22 in Evocations
 29414 | Spider:2 | Reached skill level 23 in Evocations
 30193 | Spider:2 | Upgraded the game from 0.32-a0-933-ga8fa3634e4 to
                  | 0.32-a0-953-g508020473e
 30615 | Spider:3 | Reached XP level 19. HP: 128/140 MP: 19/19
 31457 | Spider:4 | Entered Level 4 of the Spider Nest
 31674 | Spider:4 | Reached skill level 24 in Evocations
 32462 | Spider:4 | Noticed Louise
 32496 | Spider:4 | Killed Louise
 32612 | Spider:4 | Reached skill level 25 in Evocations
 32667 | Spider:4 | Got a gossamer rune of Zot
 32804 | Spider:4 | Paralysed by a jorogumo for 1 turns
 33396 | Elf:1    | Entered Level 1 of the Elven Halls
 33421 | Elf:1    | Found a radiant altar of Vehumet.
 33725 | Elf:1    | Paralysed by an air elemental for 1 turns
 33728 | Elf:1    | Paralysed by an air elemental for 1 turns
 33779 | Elf:1    | Noticed Agnes
 33794 | Elf:1    | Killed Agnes
 34439 | Elf:2    | Paralysed by an air elemental for 1 turns
 34486 | Elf:2    | Found Iblosk's Magic Scroll Emporium.
 34500 | Elf:2    | Paralysed by an air elemental for 1 turns
 34504 | Elf:2    | Reached XP level 20. HP: 126/147 MP: 20/20
 34514 | Elf:2    | Found a flickering gateway to a bazaar.
 34565 | Elf:2    | Bought a scroll of teleportation for 48 gold pieces
 34655 | Bazaar   | Entered a bazaar
 34655 | Bazaar   | Found Torayde's Weapon Shoppe.
 34655 | Bazaar   | Found Cubuczyboe's Book Emporium.
 34663 | Bazaar   | Found Qaemeg's Book Boutique.
 34686 | Bazaar   | Found Tin Toed's Magic Scroll Shoppe.
 34694 | Bazaar   | Bought a scroll of revelation for 82 gold pieces
 34694 | Bazaar   | Bought a scroll of butterflies for 44 gold pieces
 34816 | Elf:2    | Reached skill level 26 in Evocations
 34824 | Elf:2    | Found a runed translucent gate.
 34825 | Elf:2    | Found a runed translucent gate.
 34825 | Elf:2    | Found a runed translucent gate.
 35139 | Elf:3    | Entered Level 3 of the Elven Halls
 35174 | Elf:3    | Paralysed by an air elemental for 1 turns
 35176 | Elf:3    | Noticed Mara
 35180 | Elf:3    | Noticed Armakuni's illusion
 35276 | Elf:3    | Noticed Armakuni's illusion
 35279 | Elf:3    | Killed Mara
 35311 | Elf:3    | Identified the +0 tower shield of Abixzupp {Harm Rampage
                  | *Slow +Blink}
 35334 | Elf:3    | Found a portal to a secret trove of treasure.
 35362 | Elf:3    | Found a glacial archway.
 35410 | IceCv    | Entered an ice cave
 36349 | IceCv    | Found a viscous altar of Jiyva.
 36442 | IceCv    | Got the Grimoire of Hypothermia
 36445 | IceCv    | Got the ring "Lypedd" {Ice rN+ Int+3 Dex+4}
 36973 | Elf:3    | Noticed a Tzitzimitl
 36988 | Elf:3    | Reached skill level 27 in Evocations
 36999 | Elf:3    | Identified the ring "Tilof" {rF+ Str+6 Int+2 SInv}
 37001 | Elf:3    | Identified the +6 great sword of Precise Incision {holy,
                  | Dex+2}
 37006 | Elf:3    | Identified the +10 arbalest of the Conjuring Fool
                  | {antimagic, rElec rPois Str+2 Int+3}
 37030 | Elf:3    | Noticed a Tzitzimitl
 37030 | Elf:3    | Noticed a Tzitzimitl
 37038 | Elf:3    | Noticed a Tzitzimitl
 37227 | Elf:3    | Identified the +1 pair of gloves of the Endless Expanse
                  | {Regen+ Str+6}
 37321 | Elf:3    | Got the Cyclopedia of Position and the Sphinx
 37558 | Elf:3    | Bought a potion of heal wounds for 80 gold pieces
 37852 | Vaults:1 | Entered Level 1 of the Vaults
 37857 | D:13     | Reached XP level 21. HP: 150/153 MP: 21/21
 37874 | Vaults:1 | Upgraded the game from 0.32-a0-953-g508020473e to
                  | 0.32-a0-960-g3814254bd7
 38136 | Vaults:1 | Identified the +4 robe of Gozag's Envy {rN+ Str+2 Int+5}
 38136 | Vaults:1 | Noticed Boris
 38148 | Vaults:1 | Killed Boris
 38152 | Vaults:1 | Mangled by a deep troll

Illustrated notes

Levels and vault maps discovered:
D:1:      minmay_arrival_doors, layout_rooms
D:2:      layout_basic
D:3:      gammafunk_steamed_eel, layout_rooms, kiku_gazebo_garden_becter,
          nicolae_sif_muna_little_library, st_stairs_13,
          minmay_misc_feat_rugged, uniq_natasha
D:4:      layout_gridville, kennysheep_mini, nicolae_dithmenos_the_darkroom,
          nicolae_gozag_seed_capital, uniq_pargi
D:5:      layout_rooms, minmay_temple_entry_wispy, uniq_sigmund
D:6:      layout_gridville, mainiacjoe_overflow_boulevard,
          nicolae_wu_jian_wuxing_cycle, nicolae_uskayaw_dance_studio,
          serial_shops, shop, serial_library,
          serial_library_hellmonk_big_corner,
          serial_library_hellmonk_small_alcove, serial_library_hellmonk_room_b,
          serial_library_hellmonk_narrow_alcove,
          serial_library_hellmonk_reading_circle,
          serial_library_hellmonk_octagon, serial_library_hellmonk_room_b,
          serial_library_hellmonk_angled_corner,
          serial_library_hellmonk_open_cross, minmay_misc_feat_doors,
          serial_park_tiny_1, grunt_decor_arrowhead, uniq_pikel,
          uniq_prince_ribbit1
D:7:      layout_rooms, uniq_jeremiah
D:8:      layout_basic, enter_bailey_8, chequers_jeans
D:9:      layout_roguey, mainiacjoe_overflow_six_doors_small,
          lightli_church_of_beogh, uniq_gastronok
D:10:     layout_rooms, nemelex_xobeh_ov_fountains_minmay, zin_academy,
          general_overflow_altar, minmay_lair_entry_grove,
          ebering_ghost_reflecting_pool, uniq_sonja, uniq_maggie, uniq_josephine
D:11:     layout_roguey, serial_shops, shop, minivault_24
D:12:     layout_rooms, erik_orc_2, serial_shops, nicolae_shop_advertising_works
          [nicolae_subvault_shop_adworks], nicolae_ru_awakened_eye, uniq_maurice
D:13:     layout_basic, hellmonk_vaults_keyhole, uniq_frances, uniq_lodul,
          uniq_kirke
D:14:     layout_loops_cross, old_standard_altar, fountainhead,
          minmay_misc_feat_columns
D:15:     hellmonk_depths_entry_around_the_bend, layout_loops_ring,
          grunt_qazlal_clouds, uniq_azrael
Temple:   hellmonk_temple_beads
Lair:1:   layout_cave_shapes, chequers_serial_rivers_marsh, grunt_megastairs_4,
          lemuel_fruit_fields, serial_bayou_shore_a, infiniplex_staircase_pool
Lair:2:   layout_loops_ring, nicolae_spider_entry_non_spiders, disabler_island,
          lemuel_fruit_fields
Lair:3:   layout_loops_ring, minmay_shoals_entry_lonely_mermaid
Lair:4:   layout_cave_pods, gammafunk_ghost_hydra_chop
Lair:5:   hangedman_lair_tendril_chambers, layout_regular_city,
          minmay_slime_entry_jelly_boxes, gammafunk_ghost_ooze, minivault_27,
          uniq_nessos
Shoals:1: layout_shoals, serial_shops, shop, nicolae_shoals_sun_and_surf
Shoals:2: layout_shoals, serial_shops, nicolae_shop_behind_doors,
          nicolae_shoals_kraken_party
Shoals:3: layout_shoals
Shoals:4: shoals_end_hellmonk_storm_palace [storm_palace_center_square,
          storm_palace_corner_grid, storm_palace_corner_altar,
          storm_palace_corner_reverse_hut, storm_palace_corner_altar]
Spider:1: layout_spider_delve, nicolae_spider_rock_and_or_roll
Spider:2: layout_spider_delve, worms_lemuel
Spider:3: layout_spider_delve, nicolae_spider_claw_tunnel
Spider:4: grunt_spider_rune_circles, uniq_louise
Orc:1:    layout_diamond_mine, serial_shops, shop
Orc:2:    st_orc_pillars, layout_caves, serial_shops, bzr_entry_customers,
          basic_altar, minmay_orc_temple_c
Elf:1:    eino_elf_arrival_altar, layout_gridlike, kilobyte_rumbling_trees,
          minivault_27, uniq_agnes
Elf:2:    nicolae_elf_blades_crystal_corner, layout_loops_ring, serial_shops,
          bzr_entry_water, nicolae_shop_statue_plus
Elf:3:    elf_hall, layout_gridlike, nicolae_trove_entry_isolated,
          portal_ice_cave_entry_pillars_1, uniq_mara
Vaults:1: v_misc_11, vaults_room_boxed, v_misc_30, v_alt_pattern_4,
          ontoclasm_vaults_ring_small, v_misc_29,
          nicolae_vaults_diffraction_hallways, nicolae_vaults_network_periphery,
          nicolae_vaults_little_squares_5, nicolae_vaults_little_squares_4,
          hangedman_vaults_slice, nicolae_vaults_trapezoid_1,
          layout_vaults_ring, uniq_boris, uniq_donald, uniq_asterion

Skill      XL: |  1  2  3  4  5  6  7  8  9 10 11 12 13 14 15 16 17 18 19 20 21 |
---------------+----------------------------------------------------------------+-----
Maces & Flails | 1 4 |  4.0
Fighting       | 2 5 10 | 10.0
Evocations     | 4 5 6 7 9 10 11 13 14 18 21 23 25 27 | 27.0
Armour         | 4 5 8 10 | 10.0
Dodging        | 3 5 7 10 | 10.0
Staves         | 5 10 11 | 11.7
Conjurations   | 5 9 11 13 14 | 14.4
Shields        | 6 7 |  7.0
Stealth        | |  1.0

Action                     |  1- 3 |  4- 6 |  7- 9 | 10-12 | 13-15 | 16-18 | 19-21 || total
---------------------------+-------+-------+-------+-------+-------+-------+-------++-------
  Melee: Club              |    51 |       |       |       |       |       |       ||    51
         Whip              |    73 |   163 |   265 |       |       |       |       ||   501
         Trident           |       |       |    28 |   568 |  1760 |  1252 |       ||  3608
         Unarmed           |       |       |       |       |     3 |       |       ||     3
         Staff             |       |       |       |       |       |   151 |       ||   151
         Demon trident     |       |       |       |       |       |   525 |  1019 ||  1544
  Throw: Dart              |       |       |       |     9 |     7 |     1 |     1 ||    18
         Throwing net      |       |       |       |       |       |     3 |       ||     3
 Invoke: Potion Petition   |       |       |       |       |     1 |       |     3 ||     4
         Call Merchant     |       |       |       |       |     2 |     2 |     3 ||     7
  Evoke: Wand              |     7 |    13 |    27 |    32 |    30 |    13 |     6 ||   128
         Condenser vane    |       |       |       |       |     2 |     6 |     4 ||    12
         Phantom mirror    |       |       |       |       |       |     1 |     2 ||     3
         Lightning rod     |       |       |       |       |       |       |    17 ||    17
         Phial of floods   |       |       |       |       |       |       |     3 ||     3
    Use: Scroll            |       |     5 |     5 |    10 |    16 |    18 |     5 ||    59
         Potion            |       |     3 |     1 |     4 |     5 |     2 |     6 ||    21
   Stab: Sleeping          |       |     1 |     1 |     4 |     8 |    12 |     7 ||    33
         Invisible         |       |       |     2 |     8 |    12 |       |       ||    22
         Paralysed         |       |       |       |    38 |    18 |    25 |       ||    81
         Distracted        |       |       |       |     4 |    20 |    18 |    12 ||    54
         Held in net/web   |       |       |       |       |       |     3 |       ||     3
 Armour: Leather armour    |   121 |   121 |   232 |   205 |       |       |       ||   679
         Skin              |       |     7 |       |       |     7 |       |       ||    14
         Swamp dragon scal |       |       |       |   117 |    77 |   428 |   346 ||   968
         Pearl dragon scal |       |       |       |       |   840 |   904 |   605 ||  2349
  Dodge: Dodged            |    84 |    68 |   157 |   256 |  1556 |  1484 |   850 ||  4455
  Block: Buckler           |       |       |       |       |   487 |   976 |   584 ||  2047

Table legend: (Time is in decaauts)
 A = Elapsed time spent in this place.
 B = Non-inter-level travel time spent in this place.
 C = Inter-level travel time spent in this place.
 D = Time resting spent in this place.
 E = Time spent auto-exploring this place.
 F = Levels seen in this place.
 G = Mean time per level.
                   A        B        C        D        E       F      G
               +--------+--------+--------+--------+--------+-----+--------+
         Total |  38370 |  35798 |   2572 |   2401 |  18152 |  39 |  983.8 |
       Dungeon |  15098 |  13916 |   1182 |    822 |   8057 |  15 | 1006.5 |
        Temple |      1 |      1 |      0 |      0 |      0 |   1 |    1.0 |
          Lair |   5863 |   5400 |    463 |     71 |   3252 |   5 | 1172.6 |
        Shoals |   4417 |   4179 |    238 |    265 |   1458 |   4 | 1104.2 |
   Spider Nest |   4800 |   4609 |    191 |    226 |   2467 |   4 | 1200.0 |
  Orcish Mines |   2687 |   2456 |    231 |    231 |    847 |   2 | 1343.5 |
   Elven Halls |   3273 |   3009 |    264 |    190 |   1456 |   3 | 1091.0 |
        Vaults |    248 |    248 |      0 |      0 |    115 |   1 |  248.0 |
        Bazaar |    171 |    171 |      0 |      0 |     74 |   2 |   85.5 |
        Bailey |    630 |    630 |      0 |    101 |    251 |   1 |  630.0 |
      Ice Cave |   1174 |   1174 |      0 |    494 |    175 |   1 | 1174.0 |
               +--------+--------+--------+--------+--------+-----+--------+

Top non-repeatable levels by time:
     D:6: 1698 daAuts
Spider:4: 1610 daAuts
   Orc:2: 1478 daAuts
   Elf:3: 1471 daAuts
  Lair:5: 1445 daAuts
Shoals:4: 1332 daAuts
     D:9: 1331 daAuts
  Lair:1: 1328 daAuts
Spider:3: 1240 daAuts
   Orc:1: 1209 daAuts
   IceCv: 1174 daAuts
Shoals:1: 1173 daAuts
  Lair:4: 1144 daAuts
    D:10: 1118 daAuts
    D:12: 1098 daAuts
